 Dungeon Crawl Stone Soup version 0.29-a0-266-gf56f883ddd (webtiles) character file.

Game seed: 533202676692477872

91606 spaghetti the Spry (level 15, 0/129 HPs)
             Began as a Demonspawn Berserker on Mar 6, 2022.
             Was the Champion of Trog.
             Killed from afar by an ogre mage (14 damage)
             ... with a bolt of magma
             ... while paralysed by an ogre mage
             ... on level 2 of the Orcish Mines.
             The game lasted 00:40:33 (21600 turns).

spaghetti the Spry (Demonspawn Berserker)          Turns: 21600, Time: 00:40:34

Health: 0/129      AC: 28    Str: 22    XL:     15   Next: 55%
Magic:  0/24       EV:  2    Int: 10    God:    Trog [******]
Gold:   2059       SH:  0    Dex: 18    Spells: 14/14 levels left

rFire   + . .      SeeInvis .   U - +8 rapier of Fortitude {vamp, rF+ Str+3, short}
rCold   . . .      Faith    .   N - +0 buckler
rNeg    . . .      Spirit   +   m - +4 scale mail
rPois   .          Reflect  .   l - +2 hat {Int+3}
rElec   .          Harm     .   (no cloak)
rCorr   .          Rampage  .   M - +2 pair of gloves
Will    +....                   J - +2 pair of boots
Stlth   +.........              D - amulet of regeneration {@e2}
HPRegen 1.11/turn               Z - ring of magical power
MPRegen 0.38/turn               j - +4 ring of slaying

@: paralysed, sanguine armoured, on berserk cooldown
A: antennae 1, powered by death 1, magic shield, magic regeneration, sanguine
armour 2, talons 1, dopey 1, sturdy frame 1
a: Renounce Religion, Berserk, Trog's Hand, Brothers in Arms


You were on level 2 of the Orcish Mines.
You worshipped Trog.
Trog was exalted by your worship.
You visited 3 branches of the dungeon, and saw 20 of its levels.

You collected 2269 gold pieces.
You spent 210 gold pieces at shops.


Innate Abilities, Weirdness & Mutations

You have a pair of small antennae on your head.
You regenerate a little health from kills.
When hurt, damage is shared between your health and your magic reserves.
You regenerate magic rapidly.
When seriously injured, your blood forms thick armour. (AC +9)
You have sharp toenails.
You are dopey. (Int -2)
Your movements are slightly less encumbered by armour. (ER -2)


   Skills:
 - Level 15.2 Fighting
 + Level 13.2(13.3) Short Blades
 - Level 2.6(8.9) Long Blades
 + Level 5.3 Armour
 - Level 17.1 Dodging


You had 14 spell levels left.
You didn't know any spells.
Your spell library contained the following spells:

 Spells                   Type           Power      Damage    Failure   Level
 Sting                    Tmut/Pois      0%         1d3       67%         1
 Blink                    Tloc           0%         N/A       80%         2
 Corpse Rot               Necr/Air       0%         N/A       80%         2
 Poisonous Vapours        Pois/Air       0%         N/A       80%         2
 Dazzling Flash           Conj/Hex       0%         N/A       95%         3
 Lesser Beckoning         Tloc           0%         N/A       95%         3
 Ozocubu's Armour         Ice            0%         N/A       95%         3
 Airstrike                Air            0%         N/A       100%        4
 Animate Dead             Necr           0%         N/A       100%        4
 Dispel Undead            Necr           0%         3d6       100%        4
 Iskenderun's Mystic Bla  Conj/Tloc      0%         2d3       100%        4
 Olgreb's Toxic Radiance  Pois           0%         N/A       100%        4
 Summon Ice Beast         Ice/Summ       0%         N/A       100%        4
 Summon Lightning Spire   Summ/Air       0%         N/A       100%        4
 Blade Hands              Tmut           0%         N/A       100%        5
 Borgnjor's Vile Clutch   Necr/Erth      0%         N/A       100%        5
 Irradiate                Conj/Tmut      0%         3d13      100%        5
 Lightning Bolt           Conj/Air       0%         1d11      100%        5
 Manifold Assault         Tloc           0%         N/A       100%        5
 Summon Mana Viper        Hex/Summ       0%         N/A       100%        5
 Death Channel            Necr           0%         N/A       100%        6
 Starburst                Conj/Fire      0%         6d3       100%        6
 Dragon Form              Tmut           0%         N/A       100%        7
 Monstrous Menagerie      Summ           0%         N/A       100%        7
 Ozocubu's Refrigeration  Ice            0%         4d5       100%        7

Inventory:

Hand Weapons
 a - a +1 longbow of flaming {bow}
   (You took it off Nessos on level 4 of the Lair of Beasts)
 s - a +2 antimagic long sword {long}
   (Trog gifted it to you on level 1 of the Orcish Mines)
 U - the +8 rapier of Fortitude (weapon) {vamp, rF+ Str+3, short}
   (You found it on level 3 of the Lair of Beasts)

   It occasionally heals its wielder for a portion of the damage dealt when it
   wounds a living foe.
   Str:       It affects your strength (+3).
   rF:        It protects you from fire.
Missiles
 f - 418 stones (quivered) {throwing}
 u - 74 poisoned darts {throwing}
 v - 2 curare-tipped darts {=fthrowing}
 C - 15 boomerangs {throwing}
 G - 12 javelins {throwing}
 H - 6 throwing nets {=f!fthrowing}
 I - 2 atropa-tipped darts {throwing}
 L - 6 boomerangs of dispersal {=f!fthrowing}
Armour
 l - a +2 hat of intelligence (worn)
   (You took it off Gastronok on level 11 of the Dungeon)
 m - a +4 scale mail (worn)
   (You found it on level 11 of the Dungeon)
 J - a +2 pair of boots (worn)
   (You found it on level 8 of the Dungeon)
 M - a +2 pair of gloves (worn)
   (You found it on level 4 of the Dungeon)
 N - a +0 buckler (worn)
   (You took it off a gnoll on level 4 of the Dungeon)
Magical Staves
 b - a staff of fire {forbidden!astaff}
   (You found it on level 11 of the Dungeon)
Jewellery
 c - a ring of see invisible
   (You found it on level 1 of the Dungeon)
 j - a +4 ring of slaying (right hand)
   (You acquired it on level 2 of the Dungeon)
 A - an amulet of magic regeneration {@e2}
   (You found it on level 1 of the Lair of Beasts)
 D - an amulet of regeneration (around neck) {@e2}
   (You found it on level 6 of the Dungeon)
 Z - a ring of magical power (left hand)
   (You found it on level 6 of the Lair of Beasts)
Wands
 k - a wand of digging (13)
   (You took it off Harold on level 11 of the Dungeon)
Scrolls
 g - 6 scrolls of enchant armour
 h - 11 scrolls of teleportation {@r4}
 p - 4 scrolls of enchant weapon
 q - 4 scrolls of fog
 r - 3 scrolls of blinking {!r}
 t - 2 scrolls of immolation {!r!r}
 y - 3 scrolls of brand weapon
 z - 3 scrolls of magic mapping {!r}
 E - 2 scrolls of fear
 K - 2 scrolls of identify {@r1}
 X - a scroll of vulnerability {!r!r}
Potions
 d - a potion of ambrosia
 e - 6 potions of curing {@q1}
 i - 4 potions of resistance
 n - a potion of brilliance
 o - a potion of haste {@q3}
 w - 3 potions of magic
 O - 4 potions of mutation {!q}
 Q - 3 potions of flight
 T - 6 potions of cancellation
Miscellaneous
 x - a piece from Xom's chessboard (15/15)
   (You found it on level 6 of the Dungeon)

Dungeon Overview and Level Annotations

Branches:
Dungeon (12/15)            Temple (0/1) D:7            Lair (6/6) D:10
 Shoals (0/4) Lair:3        Snake (0/4) Lair:3        Slime (0/5) Lair:6
    Orc (2/2) D:12            Elf (0/3) Orc:2

Altars:
Cheibriados
Dithmenos
Gozag
Nemelex Xobeh
Qazlal
Trog
Uskayaw
Vehumet
Wu Jian
Yredelemnul

Shops:
D:7 *   D:9 ?   D:12 (   Orc:1 [   Orc:2 *

Annotations:
D:3 1 transporter
D:7 3 runed translucent doors, WindUpCitrus's ghost, amateur MiHu
Lair:4 2 transporters

#.......####...........))[.#.
##......................[[.).
###.....................).[.
###....................#.#
###..................#..
#.....................
###....O................
##.....{{OO..............
##......)@OO..............
#...########..########....
#..## { ... ##..# #).# . #..
#))#O #.. #... #.... #..#.O
#..##..


You could see 4 two-headed ogres and an ogre mage (fast).


Message History

The two-headed ogre hits you with a +0 giant spiked club!
The ogre mage points at something and mumbles some strange words.
Something hits you but does no damage.
You hear two shouts! 😕 HP[-6] MP[-1]
You take 6 damage, and now have 123/129 hp.
You lost 1 mp, and now have 18/24 mp.
You puncture the two-headed ogre!
You feel better. 😎 HP[+6] MP[+1]
Your hp is fully restored (129).
You hit the two-headed ogre.
You feel yourself speed up.
The two-headed ogre completely misses you.
The two-headed ogre closely misses you.
The two-headed ogre hits you with a +0 giant club.
The two-headed ogre closely misses you. Something hits you! 😕 HP[-12] MP[-1]
You take 12 damage, and now have 117/129 hp.
You lost 1 mp, and now have 18/24 mp.
You completely miss the two-headed ogre.
You hear some strange, mumbled words.
The ogre mage seems to speed up.
You barely miss the two-headed ogre.
The two-headed ogre hits you but does no damage.
The two-headed ogre completely misses you. 😕 HP[+1]
You completely miss the two-headed ogre.
The two-headed ogre hits you with a +0 giant club!
The two-headed ogre completely misses you.
Something hits you!! 😮 HP[-27] MP[-3]
You take 27 damage, and now have 91/129 hp.
MASSIVE DAMAGE!! (PAUSE)
You lost 3 mp, and now have 15/24 mp.
You're still recovering from your berserk rage.
You hit the two-headed ogre but do no damage.
The two-headed ogre misses you.
The two-headed ogre completely misses you.
A two-headed ogre comes into view.
It is wielding two +0 giant clubs. 😮 HP[+1]
You impale the two-headed ogre!!
You kill the two-headed ogre!
Trog accepts your kill. Something hits you. 😮 HP[-3] MP[-1]
You take 3 damage, and now have 89/129 hp.
You lost 1 mp, and now have 14/24 mp.
You puncture the two-headed ogre!
You feel better. The ogre mage misses you.
A two-headed ogre comes into view.
It is wielding a +0 giant spiked club and a +0 giant club. 😕 HP[+16]
You regained 16 hp, and now have 105/129 hp.
You puncture the two-headed ogre!
You feel better. The two-headed ogre closely misses you.
The two-headed ogre hits you with a +0 giant spiked club!! 😕 HP[-2] MP[-1]
You take 2 damage, and now have 103/129 hp.
You lost 1 mp, and now have 13/24 mp.
You hit the two-headed ogre.
You feel better. The ogre mage closely misses you.
Something hits you! 😮 HP[-10] MP[-2]
You take 10 damage, and now have 93/129 hp.
You lost 2 mp, and now have 11/24 mp.
You puncture the two-headed ogre! The ogre mage casts a spell at you.
You suddenly lose the ability to move!
The two-headed ogre hits you with a +0 giant club!
Your blood congeals into armour.
The two-headed ogre hits you with a +0 giant spiked club!
An ogre comes into view. It is wielding a +0 giant club.
You hear some strange, mumbled words.
A bolt of magma appears from out of thin air!
The bolt of magma hits you! You partially resist.
The ogre mage completely misses you. Something hits you but does no damage.
A two-headed ogre comes into view. It is wielding two +0 giant clubs.
Something hits you. The ogre mage casts a spell at you.
You shrug off the repeated paralysis!
The two-headed ogre hits you with a +0 giant club.
* * * LOW HITPOINT WARNING * * *
The two-headed ogre hits you with a +0 giant spiked club!
* * * LOW HITPOINT WARNING * * *
Something hits you!
* * * LOW HITPOINT WARNING * * *
The ogre mage hits you with a +0 club!
* * * LOW HITPOINT WARNING * * *
Something hits you.
* * * LOW HITPOINT WARNING * * *
The two-headed ogre hits you but does no damage.
The two-headed ogre hits you with a +0 giant spiked club.
* * * LOW HITPOINT WARNING * * *
The ogre mage casts a spell at you. The bolt of magma hits you!
You partially resist.
* * * LOW HITPOINT WARNING * * *
Something hits you but does no damage.
The ogre mage points at the two-headed ogre and mumbles some strange words.
The two-headed ogre seems to speed up.
You hear some strange, mumbled words.
A bolt of magma appears from out of thin air!
The bolt of magma hits you!! You partially resist.
You die...

Skill      XL: |  1  2  3  4  5  6  7  8  9 10 11 12 13 14 15 |
---------------+----------------------------------------------+-----
Dodging        | 2 3 4 5 6 7 9 11 12 13 15 16 17 | 17.1
Fighting       | 4 5 6 7 8 10 12 14 15 | 15.2
Short Blades   | 5 9 12 13 | 13.2
Armour         | 5 |  5.3
Long Blades    | |  2.6

Action                   |  1- 3 |  4- 6 |  7- 9 | 10-12 | 13-15 || total
-------------------------+-------+-------+-------+-------+-------++-------
Melee: Falchion          |   111 |    95 |       |       |       ||   206
       Punch             |     1 |     1 |     7 |     2 |       ||    11
       Spear             |       |    14 |   244 |   655 |       ||   913
       Kick              |       |       |    48 |     3 |       ||    51
       Rapier            |       |       |       |   119 |  1694 ||  1813
Throw: Stone             |       |       |     3 |     6 |       ||     9
Invok: Berserk           |     4 |     5 |     9 |    24 |    23 ||    65
       Trog's Hand       |       |     1 |     1 |     2 |     4 ||     8
       Brothers in Arms  |       |       |       |     1 |     2 ||     3
Evoke: Wand              |       |       |     1 |       |       ||     1
  Use: Scroll            |     7 |     5 |     7 |     7 |     7 ||    33
       Potion            |     1 |       |     4 |    11 |       ||    16
 Stab: Sleeping          |     2 |     2 |     4 |     3 |       ||    11
       Distracted        |       |       |     1 |       |     2 ||     3
Armor: Animal skin       |    26 |     1 |       |       |       ||    27
       Leather armour    |       |    36 |    56 |   174 |   335 ||   601
       Scale mail        |       |       |       |       |   149 ||   149
Dodge: Dodged            |    91 |    57 |   181 |   764 |  1800 ||  2893
Block: Buckler           |       |       |       |   127 |   322 ||   449

Levels and vault maps discovered:
D:1:      lightli_arrival_statuegarden, layout_basic, serial_glass,
          glass_columns_c, glass_columns_a, minmay_bisected
D:2:      layout_basic, st_stairs_12
D:3:      layout_loops_corners, mainiacjoe_overflow_alcove_1,
          gammafunk_ghost_abyssal_escape
D:4:      layout_gridville
D:5:      layout_loops_corners
D:6:      layout_rooms, mainiacjoe_overflow_24_doors,
          minmay_misc_feat_diagonals, hellmonk_bongcloud_opening,
          mrwooster_statue_mirror
D:7:      layout_loops_ring, minmay_temple_entry_drinking_statues,
          biasface_ghost_orc_armoury, serial_shops, kennysheep_mini
D:8:      layout_loops_ring, nicolae_uskayaw_dance_studio,
          hangedman_decor_clover_reticule, sigmund_army, uniq_joseph,
          uniq_erica, uniq_prince_ribbit1
D:9:      layout_long_grid, gammafunk_temple_overflow_claw, serial_shops, shop
D:10:     layout_long_grid, gammafunk_temple_overflow_wave,
          grunt_dithmenos_smoke, david_lair_generic, serial_co_window_serial,
          co_window_of_opportunity_a, co_window_corner_a, co_window_paths_b,
          co_window_paths_a, co_window_paths_a, co_window_cross_1,
          co_window_paths_b, co_window_corner_cb, co_window_of_opportunity_c,
          co_window_broadway_b, co_window_corner_cb, co_window_of_opportunity_c,
          co_window_broadway_a, glass_columns_a, glass_columns_c,
          glass_columns_b, glass_columns_c
D:11:     hangedman_cross_cluster, layout_irregular_city, uniq_gastronok,
          uniq_erolcha, uniq_harold
D:12:     layout_loops_cross, orc_david_3
Lair:1:   layout_roguey, cheibrodos_lair_reptile_den
Lair:2:   layout_gridlike
Lair:3:   layout_cave_pods, minmay_shoals_entry_beasts,
          minmay_snake_entry_six_corridors, infiniplex_staircase_pool_2
Lair:4:   gammafunk_cloud_chamber, layout_cave_shapes,
          dreamdust_mushroom_princess, uniq_nessos
Lair:5:   layout_cave_pods
Lair:6:   hangedman_lair_in_review, layout_loops_ring,
          hangedman_lair_caniforms_friends, nicolae_slime_entry_slimehenge,
          basic_altar
Orc:1:    layout_caves, serial_shops, shop
Orc:2:    st_orc_ogre_mass, layout_diamond_mine, serial_shops,
          nicolae_shop_waterfront, basic_altar, uniq_urug, uniq_sonja

Notes
Turn   | Place    | Note
-------+----------+-------------------------------------------
     0 | D:1      | spaghetti the Demonspawn Berserker began the quest for the
                  | Orb.
     0 | D:1      | Reached XP level 1. HP: 18/18 MP: 1/1
     0 | D:1      | magus.rc [v1.9.6]
   180 | D:1      | Reached skill level 2 in Dodging
   182 | D:1      | Gained mutation: You have a pair of small antennae on your
                  | head. [demonic ancestry]
   182 | D:1      | Reached XP level 2. HP: 18/24 MP: 2/2
   901 | D:1      | Reached XP level 3. HP: 28/30 MP: 3/3
  1167 | D:2      | Gained mutation: You have a pair of antennae on your head.
                  | [potion of mutation]
  1514 | D:2      | Reached ** piety under Trog
  1829 | D:2      | Identified a scroll of acquirement
  1830 | D:2      | Acquired a +4 ring of slaying
  2019 | D:2      | Reached skill level 4 in Fighting
  2019 | D:2      | Reached skill level 3 in Dodging
  2019 | D:2      | Gained mutation: You regenerate magic rapidly. [demonic
                  | ancestry]
  2019 | D:2      | Reached XP level 4. HP: 37/37 MP: 4/4
  2401 | D:3      | Found a transporter.
  2490 | D:3      | Identified the +3 leather armour of Pad Esien {rC+ Will-
                  | MP+9 Int+4}
  2494 | D:3      | You pick up a book of Transfigurations {forbidden@e2} and
                  | begin reading...
  2494 | D:3      | You add the spells Irradiate, Blade Hands and Dragon Form
                  | to your library.
  3086 | D:3      | Found a stormy altar of Qazlal.
  3122 | D:4      | You pick up a book of Spatial Translocations {forbidden}
                  | and begin reading...
  3122 | D:4      | You add the spells Blink, Lesser Beckoning and Manifold
                  | Assault to your library.
  3154 | D:4      | Reached XP level 5. HP: 32/43 MP: 5/5
  3353 | D:4      | Reached skill level 5 in Fighting
  3400 | D:4      | Reached skill level 4 in Dodging
  3527 | D:4      | Reached XP level 6. HP: 29/51 MP: 6/6
  3533 | D:4      | HP: 12/51 [poisoned by a scorpion]
  3808 | D:4      | Noticed an ice beast
  3819 | D:4      | Killed an ice beast
  3961 | D:4      | HP: 13/52 [poisoned by a gnoll]
  3982 | D:4      | HP: 11/52 [gnoll/+0 halberd (9)]
  4381 | D:4      | Reached skill level 6 in Fighting
  4381 | D:4      | Reached skill level 5 in Dodging
  4381 | D:4      | Reached XP level 7. HP: 58/58 MP: 7/7
  4520 | D:5      | Entered Level 5 of the Dungeon
  4870 | D:5      | You add the spells Sting, Poisonous Vapours and Olgreb's
                  | Toxic Radiance to your library.
  5640 | D:6      | You pick up a book of Spectacle {forbidden} and begin
                  | reading...
  5640 | D:6      | You add the spells Dazzling Flash, Iskenderun's Mystic
                  | Blast and Starburst to your library.
  5659 | D:6      | Reached skill level 7 in Fighting
  5775 | D:6      | Lost mutation: You have a pair of antennae on your head.
                  | [potion of mutation]
  5775 | D:6      | Gained mutation: You are frail. (-10% HP) [potion of
                  | mutation]
  5775 | D:6      | Gained mutation: Your muscles are strong. (Str +2) [potion
                  | of mutation]
  5840 | D:6      | Reached skill level 6 in Dodging
  5953 | D:6      | Reached XP level 8. HP: 29/60 MP: 8/8
  6195 | D:6      | Lost mutation: You are frail. (-10% HP) [potion of
                  | mutation]
  6195 | D:6      | Lost mutation: Your muscles are strong. (Str +2) [potion of
                  | mutation]
  6195 | D:6      | Gained mutation: Your movements are slightly less
                  | encumbered by armour. (ER -2) [potion of mutation]
  6195 | D:6      | Gained mutation: You have sharp toenails. [potion of
                  | mutation]
  6195 | D:6      | Gained mutation: You are dopey. (Int -2) [potion of
                  | mutation]
  6299 | D:6      | Found a sparkling altar of Nemelex Xobeh.
  6595 | D:6      | Noticed a komodo dragon
  6605 | D:6      | HP: 17/68 [komodo dragon (2)]
  6608 | D:6      | Killed a komodo dragon
  6609 | D:6      | Reached skill level 8 in Fighting
  6609 | D:6      | Reached skill level 7 in Dodging
  7034 | D:7      | Found a staircase to the Ecumenical Temple.
  7053 | D:7      | Found Faewef's Assorted Antiques.
  7056 | D:7      | Bought a scroll of enchant armour for 210 gold pieces
  7281 | D:7      | Reached *** piety under Trog
  7404 | D:7      | Gained mutation: When hurt, damage is shared between your
                  | health and your magic reserves. [demonic ancestry]
  7404 | D:7      | Reached XP level 9. HP: 75/75 MP: 9/9
  7453 | D:7      | Reached skill level 9 in Fighting
  7647 | D:7      | Found a runed translucent gate.
  7647 | D:7      | Found a runed translucent gate.
  7648 | D:7      | Found a runed translucent gate.
  7651 | D:7      | Noticed WindUpCitrus's ghost (amateur MiHu)
  7896 | D:8      | Noticed Prince Ribbit
  7902 | D:8      | Reached skill level 8 in Dodging
  7923 | D:8      | Killed Prince Ribbit
  8036 | D:8      | HP: 18/77 [yak (12)]
  8101 | D:9      | Noticed a troll
  8110 | D:9      | Killed a troll
  8198 | D:9      | Found an ornate altar of the Wu Jian Council.
  8198 | D:9      | Found a snail-covered altar of Cheibriados.
  8198 | D:9      | Found a radiant altar of Vehumet.
  8384 | D:9      | Reached skill level 10 in Fighting
  8401 | D:9      | Reached skill level 9 in Dodging
  8651 | D:9      | Found Zathyfil's Magic Scroll Shop.
  8753 | D:8      | Gained mutation: You regenerate a little health from kills.
                  | [demonic ancestry]
  8753 | D:8      | Reached XP level 10. HP: 86/86 MP: 10/10
  9004 | D:8      | Noticed Erica
  9017 | D:8      | Reached skill level 11 in Fighting
  9018 | D:8      | Killed Erica
  9019 | D:8      | Reached skill level 10 in Dodging
  9126 | D:8      | Noticed Joseph
  9141 | D:8      | Killed Joseph
  9323 | D:8      | Found a hide-covered altar of Uskayaw.
  9940 | D:10     | Entered Level 10 of the Dungeon
 10012 | D:10     | Reached skill level 12 in Fighting
 10270 | D:10     | Found a shadowy altar of Dithmenos.
 10282 | D:10     | Found a staircase to the Lair.
 10282 | D:10     | Noticed an elephant
 10302 | D:10     | Killed an elephant
 10303 | D:10     | Reached skill level 11 in Dodging
 10421 | D:10     | Reached XP level 11. HP: 90/96 MP: 11/11
 10929 | D:10     | Reached skill level 13 in Fighting
 11173 | D:10     | Found a basalt altar of Yredelemnul.
 11173 | D:10     | Found an opulent altar of Gozag.
 11246 | D:10     | Reached **** piety under Trog
 11449 | Lair:1   | Entered Level 1 of the Lair of Beasts
 11459 | Lair:1   | Reached skill level 12 in Dodging
 12401 | Lair:2   | Reached skill level 14 in Fighting
 12570 | Lair:2   | Gained mutation: When seriously injured, your blood forms
                  | armour. (AC +9) [demonic ancestry]
 12570 | Lair:2   | Reached XP level 12. HP: 56/107 MP: 7/12
 12576 | Lair:2   | Reached skill level 13 in Dodging
 12682 | Lair:2   | Noticed a four-headed hydra
 12698 | Lair:2   | Killed a four-headed hydra
 12757 | Lair:2   | You pick up a book of Beasts {forbidden} and begin
                  | reading...
 12757 | Lair:2   | You add the spells Summon Ice Beast, Summon Mana Viper and
                  | Monstrous Menagerie to your library.
 13426 | Lair:3   | Noticed a boulder beetle
 13438 | Lair:3   | Killed a boulder beetle
 13536 | Lair:3   | Found a staircase to the Snake Pit.
 13546 | Lair:3   | Reached skill level 15 in Fighting
 13662 | Lair:3   | Identified the +8 rapier of Fortitude {vamp, rF+ Str+3}
 13817 | Lair:3   | Reached skill level 1 in Short Blades
 13873 | Lair:3   | Reached skill level 2 in Short Blades
 13940 | Lair:3   | Found a staircase to the Shoals.
 13955 | Lair:3   | Reached skill level 3 in Short Blades
 14295 | Lair:3   | Reached skill level 4 in Short Blades
 14558 | Lair:4   | Noticed Nessos
 14584 | Lair:4   | Killed Nessos
 14585 | Lair:4   | Reached skill level 5 in Short Blades
 14630 | Lair:4   | You add the spells Ozocubu's Armour and Ozocubu's
                  | Refrigeration to your library.
 14745 | Lair:4   | Gained mutation: When seriously injured, your blood forms
                  | thick armour. (AC +9) [demonic ancestry]
 14745 | Lair:4   | Reached XP level 13. HP: 96/116 MP: 11/13
 14800 | Lair:4   | Reached skill level 6 in Short Blades
 14860 | Lair:4   | Found a transporter.
 14888 | Lair:4   | Reached skill level 14 in Dodging
 14997 | Lair:4   | Found a transporter.
 15352 | Lair:5   | Reached skill level 7 in Short Blades
 15657 | Lair:5   | Reached skill level 8 in Short Blades
 15962 | Lair:5   | Reached skill level 15 in Dodging
 16010 | Lair:5   | You pick up a book of Decay {forbidden} and begin
                  | reading...
 16010 | Lair:5   | You add the spells Corpse Rot, Dispel Undead and Death
                  | Channel to your library.
 16425 | Lair:6   | Entered Level 6 of the Lair of Beasts
 16493 | Lair:6   | Found a basalt altar of Yredelemnul.
 16525 | Lair:6   | Reached skill level 9 in Short Blades
 16564 | Lair:6   | Found a staircase to the Slime Pits.
 16839 | Lair:6   | Reached XP level 14. HP: 120/123 MP: 14/14
 16848 | Lair:6   | Reached ***** piety under Trog
 17178 | Lair:6   | Reached skill level 10 in Short Blades
 17352 | Lair:6   | Reached skill level 16 in Dodging
 17641 | Lair:6   | Reached skill level 11 in Short Blades
 18672 | D:11     | Noticed Harold
 18693 | D:11     | Killed Harold
 18710 | D:11     | Noticed Gastronok
 18730 | D:11     | Killed Gastronok
 18786 | D:11     | You pick up a book of Storms {forbidden} and begin
                  | reading...
 18786 | D:11     | You add the spells Airstrike, Summon Lightning Spire and
                  | Lightning Bolt to your library.
 18889 | D:11     | Noticed Erolcha
 18901 | D:11     | Killed Erolcha
 19382 | D:12     | Found a staircase to the Orcish Mines.
 19384 | D:12     | Found Bipn's Weapon Boutique.
 19480 | D:12     | Reached skill level 12 in Short Blades
 19480 | D:12     | Reached XP level 15. HP: 129/129 MP: 15/15
 19532 | D:12     | Reached skill level 17 in Dodging
 19632 | D:12     | You pick up a book of Unlife {forbidden} and begin
                  | reading...
 19632 | D:12     | You add the spells Animate Dead and Borgnjor's Vile Clutch
                  | to your library.
 20097 | Orc:1    | Entered Level 1 of the Orcish Mines
 20123 | Orc:1    | Reached skill level 2 in Armour
 20124 | Orc:1    | Received a gift from Trog
 20190 | Orc:1    | Found Azaas's Antique Armour Boutique.
 20547 | Orc:2    | Entered Level 2 of the Orcish Mines
 20547 | Orc:2    | Noticed Urug
 20561 | Orc:2    | Killed Urug
 20603 | Orc:2    | Found a bloodstained altar of Trog.
 20633 | Orc:2    | Found Awnaxain's Assorted Antiques.
 20683 | Orc:2    | Noticed Sonja
 20687 | Orc:2    | Reached skill level 3 in Armour
 20716 | Orc:2    | Killed Sonja
 21029 | Orc:2    | Reached skill level 4 in Armour
 21034 | Orc:2    | Noticed an orc warlord
 21052 | Orc:2    | Killed an orc warlord
 21422 | Orc:2    | Found a staircase to the Elven Halls.
 21496 | Orc:2    | Reached skill level 13 in Short Blades
 21513 | Orc:2    | Reached skill level 5 in Armour
 21551 | Orc:2    | Reached ****** piety under Trog
 21567 | Orc:2    | Received a gift from Trog
 21596 | Orc:2    | Paralysed by an ogre mage for 5 turns
 21599 | Orc:2    | HP: 32/129 [ogre mage/+0 club (8)]
 21600 | Orc:2    | HP: 14/129 [ogre mage/bolt of magma (12)]
 21600 | Orc:2    | Killed from afar by an ogre mage

Vanquished Creatures
  Gastronok (D:11)
  An orc warlord (Orc:2)
  Nessos (Lair:4)
  A dire elephant (Lair:6)
  Harold (D:11)
  Erolcha (D:11)
  6 hydras
  2 catoblepae (Lair:6)
  A centaur warrior (D:11)
  3 boulder beetles
  Erica (D:8)
  11 two-headed ogres
  6 death yaks
  An orc high priest (Orc:2)
  Urug (Orc:2)
  Sonja (Orc:2)
  A skeletal warrior (D:11)
  2 lindwurms (Lair:6)
  An orc knight (Orc:2)
  A deep elf pyromancer (D:12)
  2 orc sorcerers
  An ugly thing (D:11)
  6 manticores
  6 cyclopes
  12 elephants
  Joseph (D:8)
  10 black mambas
  A gargoyle (D:10)
  4 torpor snails
  12 cane toads
  3 unseen horrors (D:11)
  7 rime drakes
  5 kobold demonologists
  A yaktaur (D:11)
  6 komodo dragons
  8 trolls
  A wind drake (Lair:3)
  12 blink frogs
  12 polar bears
  11 dream sheep
  A hornet (D:8)
  Prince Ribbit (D:8)
  3 shadows
  5 wraiths
  55 yaks
  2 vampires
  4 wyverns
  4 basilisks
  3 steam dragons
  10 wargs
  15 hell hounds (Lair:6)
  20 water moccasins
  25 orc warriors
  3 ice beasts
  15 black bears
  A sky beast (D:6)
  30 wolves
  24 ogres
  8 centaurs
  13 bullfrogs
  4 kobold brigands
  A necrophage (D:4)
  3 gnoll sergeants
  2 scorpions
  4 killer bees (D:8)
  5 howler monkeys
  4 hounds
  A jelly (D:4)
  15 orc priests
  A gnoll shaman (D:4)
  A hell rat (Lair:6)
  3 iguanas
  21 orc wizards
  2 adders (D:5)
  11 gnolls
  2 shadow imps
  3 ufetubi
  2 worms
  A dart slug (D:2)
  64 orcs
  7 ball pythons
  7 bats
  9 endoplasms
  2 giant cockroaches (D:1)
  3 hobgoblins
  13 jackals
  3 quokkas
  3 frilled lizards
  5 goblins
  26 kobolds
  A rat (D:3)
636 creatures vanquished.

Vanquished Creatures (collateral kills)
  2 death yaks (Lair:5)
  A tengu warrior (D:11)
  6 elephants
  A black mamba (Lair:3)
  A komodo dragon (Lair:6)
  4 water moccasins (Lair:3)
  A howler monkey (D:11)
  2 orcs (D:11)
18 creatures vanquished.

Vanquished Creatures (others)
  An orc wizard (D:11)
  An orc (Orc:1)
  19 fungi
  27 plants
48 creatures vanquished.

Grand Total: 702 creatures vanquished

Table legend:
 A = Non-vault XP
 B = Vault XP
 C = Vault XP percentage of total XP
 D = Non-vault monster count
 E = Vault monster count
 F = Vault count percentage of total count
                 A         B        C        D         E       F
            +---------+---------+-------+---------+---------+-------
      Total |   81005 |   49862 |  38.1 |     475 |     179 |  27.4
            +---------+---------+-------+---------+---------+-------
        D:1 |      37 |       5 |  11.9 |      20 |       3 |  13.0
        D:2 |      66 |       2 |   2.9 |      13 |       1 |   7.1
        D:3 |      40 |       0 |   0.0 |      20 |       0 |   0.0
        D:4 |     647 |       0 |   0.0 |      19 |       0 |   0.0
        D:5 |     331 |       0 |   0.0 |      18 |       0 |   0.0
        D:6 |    1078 |       0 |   0.0 |      18 |       0 |   0.0
        D:7 |     812 |       0 |   0.0 |      24 |       0 |   0.0
        D:8 |    2357 |    1677 |  41.6 |      24 |      12 |  33.3
        D:9 |    1220 |       0 |   0.0 |      12 |       0 |   0.0
       D:10 |    6180 |     927 |  13.0 |      28 |       4 |  12.5
       D:11 |    2122 |   11911 |  84.9 |      19 |      28 |  59.6
       D:12 |    6788 |     420 |   5.8 |      18 |       8 |  30.8
     Lair:1 |    2396 |     904 |  27.4 |      11 |       2 |  15.4
     Lair:2 |    7520 |       0 |   0.0 |      26 |       0 |   0.0
     Lair:3 |    4281 |    4273 |  50.0 |      14 |      15 |  51.7
     Lair:4 |    5612 |    1037 |  15.6 |      21 |       1 |   4.5
     Lair:5 |   14750 |       0 |   0.0 |      42 |       0 |   0.0
     Lair:6 |   13106 |   18368 |  58.4 |      37 |      77 |  67.5
      Orc:1 |    2878 |       0 |   0.0 |      27 |       0 |   0.0
      Orc:2 |    8784 |   10338 |  54.1 |      64 |      28 |  30.4
            +---------+---------+-------+---------+---------+-------

Illustrated notes

Table legend:
 A = Kills in this place as a percentage of kills in entire the game.
 B = Kills by you in this place as a percentage of kills by you in the entire game.
 C = Kills by friends in this place as a percentage of kills by friends in the entire game.
 D = Other kills in this place as a percentage of other kills in the entire game.
 E = Experience gained in this place as a percentage of experience gained in the entire game.
 F = Experience gained in this place divided by the number of levels of this place that you have seen.
                   A       B       C       D       E      F
               +-------+-------+-------+-------+-------+----------------------
         Total | 100.0 | 100.0 | 100.0 |   N/A | 100.0 | 6543.4
       Dungeon |  44.2 |  44.8 |  22.2 |   N/A |  28.0 | 3051.7
          Lair |  37.6 |  36.5 |  77.8 |   N/A |  55.2 | 12041.2
  Orcish Mines |  18.2 |  18.7 |   0.0 |   N/A |  16.8 | 11000.0
               +-------+-------+-------+-------+-------+----------------------

Table legend: (Time is in decaauts)
 A = Elapsed time spent in this place.
 B = Non-inter-level travel time spent in this place.
 C = Inter-level travel time spent in this place.
 D = Time resting spent in this place.
 E = Time spent auto-exploring this place.
 F = Levels seen in this place.
 G = Mean time per level.
                   A        B        C        D        E       F      G
               +--------+--------+--------+--------+--------+-----+--------+
         Total |  21912 |  20934 |    978 |   3234 |  13158 |  20 | 1095.6 |
       Dungeon |  13634 |  12962 |    672 |   2596 |   8105 |  12 | 1136.2 |
          Lair |   6928 |   6703 |    225 |    621 |   4326 |   6 | 1154.7 |
  Orcish Mines |   1350 |   1269 |     81 |     16 |    727 |   2 |  675.0 |
               +--------+--------+--------+--------+--------+-----+--------+

Top non-repeatable levels by time:
  Lair:6: 1661 daAuts
    D:10: 1648 daAuts
     D:4: 1545 daAuts
     D:6: 1511 daAuts
  Lair:3: 1438 daAuts
     D:5: 1192 daAuts
  Lair:5: 1173 daAuts
     D:2: 1161 daAuts
  Lair:2: 1145 daAuts
     D:8: 1117 daAuts
    D:11: 1116 daAuts
     D:1: 1084 daAuts
     D:3: 946 daAuts
     D:7: 940 daAuts
   Orc:2: 936 daAuts
